Bruins vs RedWings

Created - Monday, October 13, 2014 at 20:48

Goals
1 2 3 T
Bruins 0 2 1 3
RedWings 0 1 0 1
Shots
1 2 3 T
Bruins 3 14 7 24
RedWings 15 13 7 35

1st period

No Goal

Penalties :
Jason Demers (Det) for Hooking (Minor) at 5:43, Zac Rinaldo (Det) for Hooking (Minor) at 8:10, Radko Gudas (Bos) for Hooking (Minor) at 15:51, Chris VandeVelde (Det) for Diving (Minor) at 19:01

2nd period

1. Bruins , Ryan O'Reilly 3 (Matt Duchene, Nick Holden) at 1:55
2. Bruins , Matt Duchene 1 (Marian Hossa, Radko Gudas) at 2:24
3. RedWings , Alexei Emelin 1 (Paul Postma, John Albert) at 7:23

Penalties :
Marian Hossa (Bos) for Slashing (Minor) at 4:50, Ryan Smyth (Bos) for Boarding (Minor) at 16:32

3rd period

4. Bruins , Ryan O'Reilly 4 (Nick Holden, Matt Duchene) at 5:30 (PP)

Penalties :
Alexei Emelin (Det) for Hooking (Minor) at 5:03, Radko Gudas (Bos) for Cross-checking (Minor) at 7:27, Radko Gudas (Bos) for Hooking (Minor) at 12:31, Brenden Dillon (Bos) for Interference (Minor) at 17:28

Goalie Stats

Jonathan Quick (Bos), 34 saves from 35 shots - (0.971), W, 4-1-0, 60:00 minutes
Jonas Hiller (Det), 21 saves from 24 shots - (0.875), L, 1-2-0, 60:00 minutes

Players Stats for Bruins

Player Name              G  A  P  +/- PIM S  H  SB GA TA FO     MP     PP MP  PK MP  
------------------------------------------------------------------------------------
Andre Benoit             0  0  0   2  0   2  0  2  1  1  0/0    15:02   1:08   5:11 
Brenden Dillon           0  0  0  -1  2   0  0  4  0  0  0/0    18:33   0:00   5:39 
Jeff Petry               0  0  0   0  0   1  1  4  0  0  0/0    21:25   0:00   4:29 
Jesse Winchester         0  0  0  -1  0   1  0  1  0  0  2/3     9:49   0:22   2:25 
Jonas Brodin             0  0  0  -1  0   0  0  2  0  1  0/0    19:48   0:00   7:25 
Marian Hossa             0  1  1   1  2   1  3  4  2  0  1/1    17:47   3:36   0:00 
Matt Duchene             1  2  3   2  0   5  1  1  3  1  13/17  17:24   3:40   0:00 
Nick Holden              0  2  2   0  0   1  1  0  0  0  0/0     9:48   4:54   0:00 
Paul Stastny             0  0  0   0  0   5  1  0  2  1  10/11  18:38   2:48   2:59 
Radko Gudas              0  1  1   2  6   0  0  0  0  2  0/0    13:26   0:00   1:04 
Ryan O'Reilly            2  0  2   2  0   3  3  0  4  0  0/0    20:26   3:36   1:14 
Ryan Smyth               0  0  0  -1  2   0  0  0  0  0  0/0     9:56   0:00   1:32 
Shea Weber               0  0  0   0  0   5  2  1  3  1  0/0    21:34   5:16   0:00 
T.J. Oshie               0  0  0   0  0   0  1  0  3  0  0/0    15:39   2:48   0:00 
Tom Wilson               0  0  0   0  0   0  0  1  0  0  0/0     5:56   0:00   0:00 
Tommy Wingels            0  0  0   0  0   0  0  0  2  0  1/3    20:21   0:53   6:30 
Valeri Nichushkin        0  0  0   0  0   0  1  0  0  0  1/2    15:55   2:59   0:00 
Zemgus Girgensons        0  0  0   0  0   0  2  0  0  2  8/14   16:28   0:00   9:08 

Players Stats for RedWings

Player Name              G  A  P  +/- PIM S  H  SB GA TA FO     MP     PP MP  PK MP  
------------------------------------------------------------------------------------
Alex Goligoski           0  0  0  -1  0   4  1  1  2  2  0/0    28:24   6:17   4:30 
Alexei Emelin            1  0  1   1  2   4  0  0  0  0  0/0    12:17   0:00   0:00 
Brandon Prust            0  0  0   1  0   1  0  0  0  0  0/4     7:23   0:00   0:33 
Brian Campbell           0  0  0  -1  0   5  0  2  1  2  0/0    25:04   5:37   3:22 
Bryan Bickell            0  0  0   0  0   1  3  1  1  0  0/1    21:11   6:57   1:30 
Chris VandeVelde         0  0  0   0  2   0  0  0  0  0  3/4     4:58   0:00   0:00 
David Moss               0  0  0  -1  0   0  2  0  0  0  0/0    15:14   4:57   0:00 
Eric Gryba               0  0  0  -1  0   1  2  1  0  0  0/0    19:17   5:37   1:54 
Jannik Hansen            0  0  0  -1  0   1  0  2  0  0  0/1     5:45   0:00   0:00 
Jason Demers             0  0  0  -1  2   3  1  1  1  1  0/0    22:41   6:17   3:02 
Jesse Joensuu            0  0  0   0  0   1  0  0  1  0  0/1     5:19   0:00   0:00 
John Albert              0  1  1   0  0   0  1  1  0  1  1/1    14:51   0:22   0:00 
Justin Abdelkader        0  0  0  -1  0   1  3  0  3  2  5/14   20:14   4:57   4:54 
Milan Michalek           0  0  0  -1  0   5  1  0  4  1  0/7    24:04   4:35   4:21 
Paul Postma              0  1  1   1  0   3  1  0  0  0  0/0    12:18   0:00   0:00 
Stephane Veilleux        0  0  0   0  0   2  4  0  0  1  1/3    19:00   6:57   0:00 
Tomas Hertl              0  0  0   0  0   2  2  0  4  0  5/14   21:11   6:57   1:30 
Zac Rinaldo              0  0  0   0  2   1  5  0  0  0  0/1    14:16   0:00   0:00 

3 Stars

1 - Ryan O'Reilly (Bos)
2 - Matt Duchene (Bos)
3 - Jonathan Quick (Bos)

Power Play

Bruins - 1 on 4 Attempt(s) - 25.00%
RedWings - 0 on 6 Attempt(s) - 0.00%

Penalty Kill

Bruins - 6 on 6 Attempt(s) - 100.00% - Score 0 goal in Penalty Kill
RedWings - 3 on 4 Attempt(s) - 75.00% - Score 0 goal in Penalty Kill

Official

Referees : Unknown
Linesman : Unknown

Game Notes

Jannik Hansen is injured at 4:23 of 2nd period (Left Forearm)

Finance

Level 1 -- Attendance: 5168 (86.13%) -- Ticket Income $465,120
Level 2 -- Attendance: 3715 (74.30%) -- Ticket Income $215,470
Level 3 -- Attendance: 1892 (94.60%) -- Ticket Income $56,760
Level 4 -- Attendance: 3750 (93.75%) -- Ticket Income $71,250
Luxury Box -- Attendance: 866 (86.60%) -- Ticket Income $155,880
Game was played at the Joe Louis Arena
Total Attendance: 15391 (85.51%)
Total Ticket Income: $964,480
Other Income: $472,595
Total Income: $1,437,075

Bruins

5 vs 5 Forward 
   Center                   Left Wing                Right Wing               Time % Phy DF OF 
 1 Matt Duchene             Ryan O'Reilly            Marian Hossa             40     1   2  2  
 2 Paul Stastny             Valeri Nichushkin        T.J. Oshie               30     1   2  2  
 3 Zemgus Girgensons        Ryan Smyth               Tommy Wingels            20     1   2  2  
 4 Jesse Winchester         Tommy Wingels            Tom Wilson               10     2   2  1  

5 vs 5 Defense 
   Defense                  Defense                                           Time % Phy DF OF 
 1 Shea Weber               Jeff Petry                                        40     1   2  2  
 2 Brenden Dillon           Jonas Brodin                                      30     1   2  2  
 3 Radko Gudas              Andre Benoit                                      20     1   2  2  
 4 Nick Holden              Radko Gudas                                       10     1   2  2  

PowerPlay Forward 
   Center                   Left Wing                Right Wing               Time % Phy DF OF 
 1 Matt Duchene             Ryan O'Reilly            Marian Hossa             60     1   0  4  
 2 Paul Stastny             Valeri Nichushkin        T.J. Oshie               40     1   0  4  

PowerPlay Defense
   Defense                  Defense                                           Time % Phy DF OF 
 1 Shea Weber               Nick Holden                                       60     1   1  3  
 2 Shea Weber               Matt Duchene                                      40     1   1  3  

Penalty Kill 4 Players Forward 
   Center                   Wing                     Time % Phy DF OF 
 1 Zemgus Girgensons        Tommy Wingels            60     1   3  1  
 2 Jesse Winchester         Ryan Smyth               40     1   3  1  

Penalty Kill 4 Players Defense
   Defense                  Defense                  Time % Phy DF OF 
 1 Brenden Dillon           Jonas Brodin             50     1   3  1  
 2 Jeff Petry               Radko Gudas              50     1   3  1  

Penalty Kill - 3 Players Forward 
   Forward                                           Time % Phy DF OF 
 1 Zemgus Girgensons                                 60     1   4  0  
 2 Jesse Winchester                                  40     1   4  0  

Penalty Kill - 3 Players Defense
   Defense                  Defense                  Time % Phy DF OF 
 1 Jonas Brodin             Brenden Dillon           55     1   4  0  
 2 Jeff Petry               Radko Gudas              45     1   4  0  

4 vs 4 Forward 
   Center                   Wing                     Time % Phy DF OF 
 1 Matt Duchene             Marian Hossa             60     1   1  3  
 2 Paul Stastny             T.J. Oshie               40     1   2  2  

4 vs 4 Defense
   Defense                  Defense                  Time % Phy DF OF 
 1 Shea Weber               Jeff Petry               60     1   2  2  
 2 Brenden Dillon           Jonas Brodin             40     1   2  2  

Last Minutes Offensive
   Center                   Left Wing                Right Wing               Defense                  Defense                  
   Matt Duchene             Ryan O'Reilly            Marian Hossa             Shea Weber               Nick Holden              

Last Minutes Defensive
   Center                   Left Wing                Right Wing               Defense                  Defense                  
   Ryan O'Reilly            Zemgus Girgensons        Marian Hossa             Shea Weber               Jeff Petry               

Goaltenders
Starting : Jonathan Quick           
Backup : Peter Budaj              

Extra Forwards
Normal : Valeri Nichushkin, Tommy Wingels, Ryan Smyth - PP : Valeri Nichushkin, Tommy Wingels - PK : Paul Stastny
Extra Defensemen
Normal : Radko Gudas, Andre Benoit, Nick Holden - PP : Andre Benoit - PK : Andre Benoit, Nick Holden
Penalty Shots
T.J. Oshie, Ryan O'Reilly, Matt Duchene, Ryan Smyth, Valeri Nichushkin

RedWings

5 vs 5 Forward 
   Center                   Left Wing                Right Wing               Time % Phy DF OF 
 1 Justin Abdelkader        Milan Michalek           David Moss               35     1   2  2  
 2 Tomas Hertl              Bryan Bickell            Stephane Veilleux        30     1   2  2  
 3 Jannik Hansen            John Albert              Zac Rinaldo              22     1   2  2  
 4 Chris VandeVelde         Jesse Joensuu            Milan Michalek           13     1   2  2  

5 vs 5 Defense 
   Defense                  Defense                                           Time % Phy DF OF 
 1 Alex Goligoski           Jason Demers                                      35     1   2  2  
 2 Brian Campbell           Eric Gryba                                        30     1   2  2  
 3 Alexei Emelin            Paul Postma                                       22     1   2  2  
 4 Brian Campbell           Alex Goligoski                                    13     1   2  2  

PowerPlay Forward 
   Center                   Left Wing                Right Wing               Time % Phy DF OF 
 1 Justin Abdelkader        Milan Michalek           David Moss               60     1   2  2  
 2 Tomas Hertl              Bryan Bickell            Stephane Veilleux        40     1   2  2  

PowerPlay Defense
   Defense                  Defense                                           Time % Phy DF OF 
 1 Alex Goligoski           Jason Demers                                      60     1   2  2  
 2 Brian Campbell           Eric Gryba                                        40     1   2  2  

Penalty Kill 4 Players Forward 
   Center                   Wing                     Time % Phy DF OF 
 1 Milan Michalek           Justin Abdelkader        60     1   2  2  
 2 Tomas Hertl              Bryan Bickell            40     1   2  2  

Penalty Kill 4 Players Defense
   Defense                  Defense                  Time % Phy DF OF 
 1 Alex Goligoski           Jason Demers             60     1   2  2  
 2 Brian Campbell           Eric Gryba               40     1   2  2  

Penalty Kill - 3 Players Forward 
   Forward                                           Time % Phy DF OF 
 1 Milan Michalek                                    60     1   2  2  
 2 Justin Abdelkader                                 40     1   2  2  

Penalty Kill - 3 Players Defense
   Defense                  Defense                  Time % Phy DF OF 
 1 Alex Goligoski           Jason Demers             60     1   2  2  
 2 Paul Postma              Eric Gryba               40     1   2  2  

4 vs 4 Forward 
   Center                   Wing                     Time % Phy DF OF 
 1 Milan Michalek           Justin Abdelkader        60     1   2  2  
 2 Tomas Hertl              Bryan Bickell            40     1   2  2  

4 vs 4 Defense
   Defense                  Defense                  Time % Phy DF OF 
 1 Alex Goligoski           Jason Demers             60     1   2  2  
 2 Alexei Emelin            Eric Gryba               40     1   2  2  

Last Minutes Offensive
   Center                   Left Wing                Right Wing               Defense                  Defense                  
   Justin Abdelkader        Milan Michalek           David Moss               Alex Goligoski           Jason Demers             

Last Minutes Defensive
   Center                   Left Wing                Right Wing               Defense                  Defense                  
   Justin Abdelkader        Milan Michalek           David Moss               Alex Goligoski           Jason Demers             

Goaltenders
Starting : Jonas Hiller             
Backup : Martin Jones             

Extra Forwards
Normal : Milan Michalek, John Albert, Zac Rinaldo - PP : Milan Michalek, John Albert - PK : Zac Rinaldo
Extra Defensemen
Normal : Alex Goligoski, Jason Demers, Eric Gryba - PP : Alex Goligoski - PK : Jason Demers, Alex Goligoski
Penalty Shots
Milan Michalek, Justin Abdelkader, Tomas Hertl, Bryan Bickell, Zac Rinaldo

% Time on Ice - Bruins

Lines # - Real PCT - Wanted PCT - Time Play
Normal Forward
1 - 35% - 40% - 14:29
2 - 33% - 30% - 13:57
3 - 18% - 20% - 7:20
4 - 14% - 10% - 5:56
Normal Defense
1 - 41% - 40% - 17:12
2 - 32% - 30% - 13:27
3 - 18% - 20% - 7:18
4 - 9% - 10% - 3:45
PP Forward
1 - 56% - 60% - 3:36
2 - 44% - 40% - 2:48
PP Defense
1 - 77% - 60% - 4:54
2 - 23% - 40% - 1:30
PK Forward
1 - 80% - 60% - 9:29
2 - 20% - 40% - 2:25
PK Defense
1 - 62% - 50% - 7:25
2 - 38% - 50% - 4:29
PK3 Forward
1 - 0% - 60%
2 - 0% - 40%
PK3 Defense
1 - 0% - 55%
2 - 0% - 45%
44 Forward
1 - 0% - 60%
2 - 0% - 40%
44 Defense
1 - 0% - 60%
2 - 0% - 40%
Last Minute Offensive  - 0:00
Last Minute Defensive  - 0:00
Total
Forward - 60:00
Defense - 60:00

% Time on Ice - RedWings

Lines # - Real PCT - Wanted PCT - Time Play
Normal Forward
1 - 25% - 35% - 10:23
2 - 31% - 30% - 12:44
3 - 34% - 22% - 14:17
4 - 10% - 13% - 4:18
Normal Defense
1 - 32% - 35% - 13:33
2 - 28% - 30% - 11:46
3 - 29% - 22% - 12:18
4 - 10% - 13% - 4:05
PP Forward
1 - 42% - 60% - 4:57
2 - 58% - 40% - 6:57
PP Defense
1 - 53% - 60% - 6:17
2 - 47% - 40% - 5:37
PK Forward
1 - 77% - 60% - 4:54
2 - 23% - 40% - 1:30
PK Defense
1 - 70% - 60% - 4:30
2 - 30% - 40% - 1:54
PK3 Forward
1 - 0% - 60%
2 - 0% - 40%
PK3 Defense
1 - 0% - 60%
2 - 0% - 40%
44 Forward
1 - 0% - 60%
2 - 0% - 40%
44 Defense
1 - 0% - 60%
2 - 0% - 40%
Last Minute Offensive  - 0:00
Last Minute Defensive  - 0:00
Total
Forward - 60:00
Defense - 60:00

Play by Play

1st period


0:01 of 1st period - Matt Duchene wins face-off versus Justin Abdelkader in neutral zone.
0:08 of 1st period - Slapshot by Ryan O'Reilly.
0:08 of 1st period - Shot Misses the Net.
0:52 of 1st period - Jeff Petry is hit by Jason Demers and loses puck.
1:10 of 1st period - Wrist shot by Brian Campbell.
1:10 of 1st period - Stopped by Jonathan Quick with a rebound.
1:35 of 1st period - Wrist shot by T.J. Oshie.
1:35 of 1st period - Deflect By Paul Stastny.
1:35 of 1st period - Stopped by Jonas Hiller with a rebound.
1:41 of 1st period - Andre Benoit is hit by Zac Rinaldo and loses puck.
1:46 of 1st period - Slapshot by Brian Campbell.
1:46 of 1st period - Stopped by Jonathan Quick with a rebound.
1:48 of 1st period - Slapshot by Eric Gryba.
1:48 of 1st period - Stopped by Jonathan Quick without a rebound.
1:49 of 1st period - Chris VandeVelde wins face-off versus Zemgus Girgensons in Bruins zone.
2:04 of 1st period - Snap shot by Ryan Smyth.
2:04 of 1st period - Shot Misses the Net.
3:11 of 1st period - Snap shot by Alex Goligoski.
3:11 of 1st period - Stopped by Jonathan Quick without a rebound.
3:12 of 1st period - Matt Duchene wins face-off versus Tomas Hertl in Bruins zone.
3:32 of 1st period - Wrist shot by Tomas Hertl.
3:32 of 1st period - Shot Blocked by Marian Hossa.
3:34 of 1st period - Snap shot by Eric Gryba.
3:34 of 1st period - Shot Misses the Net.
3:36 of 1st period - Snap shot by Stephane Veilleux.
3:36 of 1st period - Stopped by Jonathan Quick with a rebound.
3:38 of 1st period - Snap shot by Brian Campbell.
3:38 of 1st period - Shot Blocked by Marian Hossa.
3:40 of 1st period - Snap shot by Eric Gryba.
3:40 of 1st period - Shot Blocked by Jeff Petry.
3:42 of 1st period - Slapshot by Eric Gryba.
3:42 of 1st period - Shot Blocked by Jeff Petry.
3:44 of 1st period - Wrist shot by Stephane Veilleux.
3:44 of 1st period - Shot Misses the Net.
3:46 of 1st period - Slapshot by Eric Gryba.
3:46 of 1st period - Shot Blocked by Marian Hossa.
3:48 of 1st period - Slapshot by Eric Gryba.
3:48 of 1st period - Shot Misses the Net.
4:18 of 1st period - Justin Abdelkader is hit by Valeri Nichushkin and loses puck.
4:36 of 1st period - Jannik Hansen is hit by Jeff Petry and loses puck.
4:56 of 1st period - Icing by Jason Demers.
4:57 of 1st period - Zemgus Girgensons wins face-off versus Jannik Hansen in RedWings zone.
5:06 of 1st period - Wrist shot by Alex Goligoski.
5:06 of 1st period - Shot Misses the Net.
5:43 of 1st period - Minor Penalty to Jason Demers for Hooking.
5:44 of 1st period - Marian Hossa wins face-off versus Milan Michalek in RedWings zone.
5:54 of 1st period - Wrist shot by Matt Duchene.
5:54 of 1st period - Shot Misses the Net.
6:14 of 1st period - Wrist shot by Marian Hossa.
6:14 of 1st period - Deflect By Brian Campbell.
6:14 of 1st period - Shot Misses the Net.
6:14 of 1st period - Puck is out of play.
6:15 of 1st period - Paul Stastny wins face-off versus Milan Michalek in RedWings zone.
6:53 of 1st period - Alex Goligoski is hit by Nick Holden and loses puck.
7:22 of 1st period - Slapshot by Marian Hossa.
7:22 of 1st period - Stopped by Jonas Hiller with a rebound.
7:43 of 1st period - Penalty to Jason Demers is over, Jason Demers is back on ice.
8:10 of 1st period - Minor Penalty to Zac Rinaldo for Hooking.
8:11 of 1st period - Paul Stastny wins face-off versus Milan Michalek in RedWings zone.
9:05 of 1st period - Eric Gryba is hit by Shea Weber and loses puck.
9:24 of 1st period - Paul Stastny is hit by Milan Michalek and loses puck.
10:10 of 1st period - Penalty to Zac Rinaldo is over, Zac Rinaldo is back on ice.
10:47 of 1st period - Brenden Dillon is hit by Zac Rinaldo and loses puck.
11:14 of 1st period - Wrist shot by Bryan Bickell.
11:14 of 1st period - Shot Misses the Net.
11:16 of 1st period - Slapshot by Alexei Emelin.
11:16 of 1st period - Stopped by Jonathan Quick with a rebound.
11:18 of 1st period - Slapshot by Paul Postma.
11:18 of 1st period - Stopped by Jonathan Quick with a rebound.
11:40 of 1st period - Snap shot by Milan Michalek.
11:40 of 1st period - Stopped by Jonathan Quick without a rebound.
11:41 of 1st period - Paul Stastny wins face-off versus Chris VandeVelde in Bruins zone.
12:07 of 1st period - John Albert is hit by Ryan O'Reilly and loses puck.
12:16 of 1st period - Ryan O'Reilly is hit by Zac Rinaldo and loses puck.
12:39 of 1st period - Radko Gudas is hit by Bryan Bickell and loses puck.
13:04 of 1st period - Icing by Shea Weber.
13:05 of 1st period - Chris VandeVelde wins face-off versus Matt Duchene in Bruins zone.
13:20 of 1st period - Snap shot by Chris VandeVelde.
13:20 of 1st period - Shot Blocked by Jeff Petry.
13:22 of 1st period - Snap shot by Jesse Joensuu.
13:22 of 1st period - Stopped by Jonathan Quick with a rebound.
13:40 of 1st period - Wrist shot by Jannik Hansen.
13:40 of 1st period - Shot Misses the Net.
13:42 of 1st period - Slapshot by Paul Postma.
13:42 of 1st period - Shot Misses the Net.
13:44 of 1st period - Snap shot by Alexei Emelin.
13:44 of 1st period - Stopped by Jonathan Quick with a rebound.
14:37 of 1st period - Icing by Brenden Dillon.
14:38 of 1st period - Jesse Winchester wins face-off versus Zac Rinaldo in Bruins zone.
15:51 of 1st period - Minor Penalty to Radko Gudas for Hooking.
15:52 of 1st period - Tomas Hertl wins face-off versus Tommy Wingels in Bruins zone.
16:05 of 1st period - Slapshot by Jason Demers.
16:05 of 1st period - Shot Misses the Net.
16:07 of 1st period - Snap shot by Jason Demers.
16:07 of 1st period - Stopped by Jonathan Quick without a rebound.
16:08 of 1st period - Tomas Hertl wins face-off versus Zemgus Girgensons in Bruins zone.
16:13 of 1st period - Snap shot by Alex Goligoski.
16:13 of 1st period - Stopped by Jonathan Quick without a rebound.
16:14 of 1st period - Justin Abdelkader wins face-off versus Zemgus Girgensons in Bruins zone.
17:05 of 1st period - Bryan Bickell is hit by Zemgus Girgensons and loses puck.
17:12 of 1st period - Jeff Petry is hit by Bryan Bickell.
17:48 of 1st period - Slapshot by Jason Demers.
17:48 of 1st period - Deflect By Andre Benoit.
17:48 of 1st period - Stopped by Jonathan Quick with a rebound.
17:50 of 1st period - Slapshot by Alex Goligoski.
17:50 of 1st period - Stopped by Jonathan Quick with a rebound.
17:51 of 1st period - Penalty to Radko Gudas is over, Radko Gudas is back on ice.
18:14 of 1st period - Snap shot by Jannik Hansen.
18:14 of 1st period - Stopped by Jonathan Quick with a rebound.
18:52 of 1st period - Snap shot by T.J. Oshie.
18:52 of 1st period - Shot Misses the Net.
18:54 of 1st period - Snap shot by Paul Stastny.
18:54 of 1st period - Shot Misses the Net.
18:56 of 1st period - Slapshot by Jonas Brodin.
18:56 of 1st period - Shot Misses the Net.
18:58 of 1st period - Slapshot by Radko Gudas.
18:58 of 1st period - Deflect By T.J. Oshie.
18:58 of 1st period - Shot Misses the Net.
18:58 of 1st period - Puck is out of play.
18:59 of 1st period - Chris VandeVelde wins face-off versus Matt Duchene in RedWings zone.
19:01 of 1st period - Minor Penalty to Chris VandeVelde for Diving.
19:02 of 1st period - Matt Duchene wins face-off versus Milan Michalek in RedWings zone.
19:48 of 1st period - Snap shot by Paul Stastny.
19:48 of 1st period - Shot Misses the Net.
19:50 of 1st period - Slapshot by Shea Weber.
19:50 of 1st period - Stopped by Jonas Hiller with a rebound.
19:52 of 1st period - Snap shot by Paul Stastny.
19:52 of 1st period - Shot Misses the Net.
19:54 of 1st period - Snap shot by Shea Weber.
19:54 of 1st period - Deflect By Valeri Nichushkin.
19:54 of 1st period - Shot Misses the Net.
19:54 of 1st period - Puck is out of play.
19:55 of 1st period - Paul Stastny wins face-off versus Tomas Hertl in RedWings zone.
Goals for this period are 0 for Bruins vs 0 for RedWings.
Shots for this period are 3 for Bruins vs 15 for RedWings.

2nd period


0:01 of 2nd period - Matt Duchene wins face-off versus Justin Abdelkader in neutral zone.
0:22 of 2nd period - Snap shot by Marian Hossa.
0:22 of 2nd period - Shot Misses the Net.
0:24 of 2nd period - Snap shot by Ryan O'Reilly.
0:24 of 2nd period - Shot Blocked by Jason Demers.
0:26 of 2nd period - Slapshot by Shea Weber.
0:26 of 2nd period - Deflect By Milan Michalek.
0:26 of 2nd period - Stopped by Jonas Hiller without a rebound.
0:27 of 2nd period - Paul Stastny wins face-off versus Milan Michalek in RedWings zone.
0:34 of 2nd period - Wrist shot by T.J. Oshie.
0:34 of 2nd period - Shot Blocked by Eric Gryba.
0:42 of 2nd period - Wrist shot by Paul Stastny.
0:42 of 2nd period - Shot Blocked by Brian Campbell.
0:57 of 2nd period - Icing by Nick Holden.
0:58 of 2nd period - Paul Stastny wins face-off versus Bryan Bickell in Bruins zone.
1:01 of 2nd period - Penalty to Chris VandeVelde is over, Chris VandeVelde is back on ice.
1:35 of 2nd period - Alex Goligoski is hit by T.J. Oshie and loses puck.
1:48 of 2nd period - Zac Rinaldo is hit by Shea Weber and loses puck.
1:55 of 2nd period - Snap shot by Ryan O'Reilly.
1:55 of 2nd period - Goal by Ryan O'Reilly - Bruins : 1 - RedWings : 0.
1:56 of 2nd period - Justin Abdelkader wins face-off versus Matt Duchene in neutral zone.
1:59 of 2nd period - Slapshot by Brian Campbell.
1:59 of 2nd period - Shot Blocked by Andre Benoit.
2:07 of 2nd period - Snap shot by Matt Duchene.
2:07 of 2nd period - Stopped by Jonas Hiller without a rebound.
2:08 of 2nd period - Justin Abdelkader wins face-off versus Matt Duchene in RedWings zone.
2:24 of 2nd period - Wrist shot by Marian Hossa.
2:24 of 2nd period - Deflect By Matt Duchene.
2:24 of 2nd period - Goal by Matt Duchene - Bruins : 2 - RedWings : 0.
2:25 of 2nd period - Matt Duchene wins face-off versus Justin Abdelkader in neutral zone.
2:34 of 2nd period - Wrist shot by Matt Duchene.
2:34 of 2nd period - Stopped by Jonas Hiller with a rebound.
2:36 of 2nd period - Slapshot by Shea Weber.
2:36 of 2nd period - Stopped by Jonas Hiller with a rebound.
2:38 of 2nd period - Slapshot by Shea Weber.
2:38 of 2nd period - Stopped by Jonas Hiller without a rebound.
2:39 of 2nd period - Matt Duchene wins face-off versus Justin Abdelkader in RedWings zone.
2:58 of 2nd period - Snap shot by Milan Michalek.
2:58 of 2nd period - Shot Blocked by Matt Duchene.
3:33 of 2nd period - Icing by Jeff Petry.
3:34 of 2nd period - Paul Stastny wins face-off versus Tomas Hertl in Bruins zone.
3:45 of 2nd period - Snap shot by T.J. Oshie.
3:45 of 2nd period - Shot Misses the Net.
3:47 of 2nd period - Slapshot by Andre Benoit.
3:47 of 2nd period - Stopped by Jonas Hiller with a rebound.
4:13 of 2nd period - Wrist shot by Tommy Wingels.
4:13 of 2nd period - Shot Misses the Net.
4:15 of 2nd period - Slapshot by Radko Gudas.
4:15 of 2nd period - Shot Misses the Net.
4:17 of 2nd period - Slapshot by Radko Gudas.
4:17 of 2nd period - Shot Blocked by Jannik Hansen.
4:19 of 2nd period - Snap shot by Ryan Smyth.
4:19 of 2nd period - Shot Misses the Net.
4:21 of 2nd period - Slapshot by Andre Benoit.
4:21 of 2nd period - Stopped by Jonas Hiller with a rebound.
4:23 of 2nd period - Slapshot by Radko Gudas.
4:23 of 2nd period - Shot Blocked by Jannik Hansen.
4:23 of 2nd period - Jannik Hansen from RedWings is injured at 4:23 of 2nd period (Left Forearm).
4:24 of 2nd period - Matt Duchene wins face-off versus Justin Abdelkader in RedWings zone.
4:50 of 2nd period - Minor Penalty to Marian Hossa for Slashing.
4:51 of 2nd period - Zemgus Girgensons wins face-off versus Tomas Hertl in Bruins zone.
5:13 of 2nd period - Slapshot by Alex Goligoski.
5:13 of 2nd period - Deflect By Tomas Hertl.
5:13 of 2nd period - Stopped by Jonathan Quick with a rebound.
5:19 of 2nd period - Alex Goligoski is hit by Zemgus Girgensons and loses puck.
5:38 of 2nd period - Jonas Brodin is hit by Tomas Hertl and loses puck.
5:51 of 2nd period - Jonas Brodin is hit by Justin Abdelkader.
6:22 of 2nd period - Brenden Dillon is hit by Eric Gryba and loses puck.
6:50 of 2nd period - Penalty to Marian Hossa is over, Marian Hossa is back on ice.
7:11 of 2nd period - Backhand shot by Brandon Prust.
7:11 of 2nd period - Shot Hit the Post.
7:13 of 2nd period - Snap shot by John Albert.
7:13 of 2nd period - Shot Misses the Net.
7:15 of 2nd period - Slapshot by Zac Rinaldo.
7:15 of 2nd period - Shot Misses the Net.
7:17 of 2nd period - Slapshot by Paul Postma.
7:17 of 2nd period - Stopped by Jonathan Quick with a rebound.
7:19 of 2nd period - Wrist shot by John Albert.
7:19 of 2nd period - Shot Misses the Net.
7:21 of 2nd period - Slapshot by Paul Postma.
7:21 of 2nd period - Shot Blocked by Brenden Dillon.
7:23 of 2nd period - Slapshot by Alexei Emelin.
7:23 of 2nd period - Deflect By Jonas Brodin.
7:23 of 2nd period - Goal by Alexei Emelin - Bruins : 2 - RedWings : 1.
7:24 of 2nd period - Paul Stastny wins face-off versus Tomas Hertl in neutral zone.
7:29 of 2nd period - Slapshot by Paul Stastny.
7:29 of 2nd period - Stopped by Jonas Hiller without a rebound.
7:30 of 2nd period - Tomas Hertl wins face-off versus Valeri Nichushkin in RedWings zone.
7:37 of 2nd period - Jeff Petry is hit by Bryan Bickell and loses puck.
8:27 of 2nd period - Shea Weber is hit by Zac Rinaldo and loses puck.
9:23 of 2nd period - Wrist shot by Bryan Bickell.
9:23 of 2nd period - Shot Blocked by Andre Benoit.
10:21 of 2nd period - Jeff Petry is hit by Alex Goligoski and loses puck.
10:34 of 2nd period - T.J. Oshie is hit by David Moss and loses puck.
10:43 of 2nd period - Slapshot by Justin Abdelkader.
10:43 of 2nd period - Shot Blocked by Jeff Petry.
11:15 of 2nd period - Jonas Brodin is hit by Stephane Veilleux and loses puck.
12:07 of 2nd period - Alex Goligoski is hit by Marian Hossa and loses puck.
12:32 of 2nd period - Slapshot by Alex Goligoski.
12:32 of 2nd period - Stopped by Jonathan Quick with a rebound.
12:34 of 2nd period - Slapshot by Milan Michalek.
12:34 of 2nd period - Stopped by Jonathan Quick with a rebound.
13:16 of 2nd period - Slapshot by Paul Postma.
13:16 of 2nd period - Stopped by Jonathan Quick with a rebound.
13:18 of 2nd period - Snap shot by Bryan Bickell.
13:18 of 2nd period - Shot Misses the Net.
13:51 of 2nd period - Slapshot by Ryan O'Reilly.
13:51 of 2nd period - Stopped by Jonas Hiller with a rebound.
14:09 of 2nd period - Snap shot by Justin Abdelkader.
14:09 of 2nd period - Shot Blocked by Jonas Brodin.
14:11 of 2nd period - Snap shot by David Moss.
14:11 of 2nd period - Shot Blocked by Brenden Dillon.
14:13 of 2nd period - Snap shot by Jason Demers.
14:13 of 2nd period - Stopped by Jonathan Quick without a rebound.
14:14 of 2nd period - Zemgus Girgensons wins face-off versus Jesse Joensuu in Bruins zone.
15:21 of 2nd period - Snap shot by David Moss.
15:21 of 2nd period - Deflect By Justin Abdelkader.
15:21 of 2nd period - Stopped by Jonathan Quick with a rebound.
15:23 of 2nd period - Slapshot by Alexei Emelin.
15:23 of 2nd period - Deflect By Milan Michalek.
15:23 of 2nd period - Stopped by Jonathan Quick with a rebound.
15:25 of 2nd period - Slapshot by Alexei Emelin.
15:25 of 2nd period - Stopped by Jonathan Quick without a rebound.
15:26 of 2nd period - Matt Duchene wins face-off versus Justin Abdelkader in Bruins zone.
15:45 of 2nd period - Off-side.
15:46 of 2nd period - Matt Duchene wins face-off versus Brandon Prust in neutral zone.
16:03 of 2nd period - Jonas Brodin is hit by Zac Rinaldo and loses puck.
16:22 of 2nd period - Slapshot by Brian Campbell.
16:22 of 2nd period - Deflect By Jonas Brodin.
16:22 of 2nd period - Stopped by Jonathan Quick with a rebound.
16:26 of 2nd period - Snap shot by Milan Michalek.
16:26 of 2nd period - Stopped by Jonathan Quick with a rebound.
16:32 of 2nd period - Minor Penalty to Ryan Smyth for Boarding.
16:33 of 2nd period - Zemgus Girgensons wins face-off versus Tomas Hertl in Bruins zone.
17:30 of 2nd period - Zemgus Girgensons is hit by Justin Abdelkader and loses puck.
17:47 of 2nd period - Slapshot by Brian Campbell.
17:47 of 2nd period - Shot Blocked by Jonas Brodin.
17:51 of 2nd period - Snap shot by Bryan Bickell.
17:51 of 2nd period - Shot Misses the Net.
17:53 of 2nd period - Wrist shot by Eric Gryba.
17:53 of 2nd period - Shot Blocked by Jesse Winchester.
18:03 of 2nd period - Milan Michalek is hit by Ryan O'Reilly and loses puck.
18:10 of 2nd period - Brenden Dillon is hit by Eric Gryba and loses puck.
18:15 of 2nd period - Wrist shot by Milan Michalek.
18:15 of 2nd period - Shot Blocked by Brenden Dillon.
18:29 of 2nd period - Slapshot by Bryan Bickell.
18:29 of 2nd period - Stopped by Jonathan Quick with a rebound.
18:31 of 2nd period - Wrist shot by Stephane Veilleux.
18:31 of 2nd period - Deflect By Tomas Hertl.
18:31 of 2nd period - Shot Misses the Net.
18:31 of 2nd period - Puck is out of play.
18:32 of 2nd period - Penalty to Ryan Smyth is over, Ryan Smyth is back on ice.
18:32 of 2nd period - Paul Stastny wins face-off versus Tomas Hertl in Bruins zone.
18:37 of 2nd period - Wrist shot by Paul Stastny.
18:37 of 2nd period - Stopped by Jonas Hiller with a rebound.
18:39 of 2nd period - Slapshot by Jeff Petry.
18:39 of 2nd period - Deflect By Paul Stastny.
18:39 of 2nd period - Stopped by Jonas Hiller with a rebound.
18:41 of 2nd period - Slapshot by Jeff Petry.
18:41 of 2nd period - Shot Blocked by Alex Goligoski.
18:43 of 2nd period - Slapshot by Jeff Petry.
18:43 of 2nd period - Stopped by Jonas Hiller with a rebound.
18:45 of 2nd period - Snap shot by Paul Stastny.
18:45 of 2nd period - Shot Blocked by Bryan Bickell.
19:21 of 2nd period - Tomas Hertl is hit by Marian Hossa.
19:35 of 2nd period - Wrist shot by Alexei Emelin.
19:35 of 2nd period - Shot Blocked by Tom Wilson.
Goals for this period are 2 for Bruins vs 1 for RedWings.
Shots for this period are 14 for Bruins vs 13 for RedWings.

3rd period


0:01 of 3rd period - Matt Duchene wins face-off versus Justin Abdelkader in neutral zone.
0:24 of 3rd period - Snap shot by Brian Campbell.
0:24 of 3rd period - Shot Blocked by Shea Weber.
0:32 of 3rd period - Milan Michalek is hit by Marian Hossa and loses puck.
0:37 of 3rd period - Slapshot by Matt Duchene.
0:37 of 3rd period - Stopped by Jonas Hiller with a rebound.
0:53 of 3rd period - Alex Goligoski is hit by Paul Stastny and loses puck.
1:00 of 3rd period - Snap shot by T.J. Oshie.
1:00 of 3rd period - Shot Blocked by Brian Campbell.
1:46 of 3rd period - Backhand shot by Jonas Brodin.
1:46 of 3rd period - Shot Misses the Net.
3:00 of 3rd period - Snap shot by Milan Michalek.
3:00 of 3rd period - Stopped by Jonathan Quick without a rebound.
3:01 of 3rd period - Justin Abdelkader wins face-off versus Paul Stastny in Bruins zone.
3:55 of 3rd period - Jason Demers is hit by Ryan O'Reilly and loses puck.
4:50 of 3rd period - Snap shot by Tommy Wingels.
4:50 of 3rd period - Deflect By Jesse Winchester.
4:50 of 3rd period - Stopped by Jonas Hiller without a rebound.
4:51 of 3rd period - Tommy Wingels wins face-off versus Justin Abdelkader in RedWings zone.
5:00 of 3rd period - Wrist shot by Jesse Winchester.
5:00 of 3rd period - Deflect By Tommy Wingels.
5:00 of 3rd period - Shot Blocked by John Albert.
5:00 of 3rd period - Puck is out of play.
5:01 of 3rd period - John Albert wins face-off versus Jesse Winchester in RedWings zone.
5:03 of 3rd period - Minor Penalty to Alexei Emelin for Hooking.
5:04 of 3rd period - Matt Duchene wins face-off versus Milan Michalek in RedWings zone.
5:04 of 3rd period - Snap shot by Marian Hossa.
5:04 of 3rd period - Shot Misses the Net.
5:06 of 3rd period - Wrist shot by Shea Weber.
5:06 of 3rd period - Deflect By Justin Abdelkader.
5:06 of 3rd period - Stopped by Jonas Hiller with a rebound.
5:08 of 3rd period - Snap shot by Nick Holden.
5:08 of 3rd period - Stopped by Jonas Hiller without a rebound.
5:09 of 3rd period - Matt Duchene wins face-off versus Milan Michalek in RedWings zone.
5:28 of 3rd period - Slapshot by Matt Duchene.
5:28 of 3rd period - Stopped by Jonas Hiller with a rebound.
5:30 of 3rd period - Slapshot by Nick Holden.
5:30 of 3rd period - Deflect By Ryan O'Reilly.
5:30 of 3rd period - Goal by Ryan O'Reilly - Bruins : 3 - RedWings : 1.
5:31 of 3rd period - Matt Duchene wins face-off versus Tomas Hertl in neutral zone.
6:37 of 3rd period - Jonas Brodin is hit by John Albert and loses puck.
6:59 of 3rd period - Off-side.
7:00 of 3rd period - Justin Abdelkader wins face-off versus Zemgus Girgensons in neutral zone.
7:03 of 3rd period - Andre Benoit is hit by Justin Abdelkader and loses puck.
7:27 of 3rd period - Minor Penalty to Radko Gudas for Cross-checking.
7:28 of 3rd period - Tomas Hertl wins face-off versus Zemgus Girgensons in Bruins zone.
7:33 of 3rd period - Wrist shot by Tomas Hertl.
7:33 of 3rd period - Stopped by Jonathan Quick without a rebound.
7:34 of 3rd period - Tomas Hertl wins face-off versus Tommy Wingels in Bruins zone.
7:35 of 3rd period - Slapshot by Alex Goligoski.
7:35 of 3rd period - Shot Blocked by Brenden Dillon.
7:37 of 3rd period - Snap shot by Stephane Veilleux.
7:37 of 3rd period - Stopped by Jonathan Quick without a rebound.
7:38 of 3rd period - Zemgus Girgensons wins face-off versus Stephane Veilleux in Bruins zone.
8:35 of 3rd period - Slapshot by Brian Campbell.
8:35 of 3rd period - Stopped by Jonathan Quick without a rebound.
8:36 of 3rd period - Zemgus Girgensons wins face-off versus Justin Abdelkader in Bruins zone.
8:55 of 3rd period - Wrist shot by Justin Abdelkader.
8:55 of 3rd period - Shot Misses the Net.
9:27 of 3rd period - Penalty to Radko Gudas is over, Radko Gudas is back on ice.
12:01 of 3rd period - T.J. Oshie is hit by Stephane Veilleux and loses puck.
12:08 of 3rd period - Radko Gudas is hit by Stephane Veilleux and loses puck.
12:25 of 3rd period - Slapshot by Tommy Wingels.
12:25 of 3rd period - Shot Misses the Net.
12:27 of 3rd period - Slapshot by Radko Gudas.
12:27 of 3rd period - Deflect By Tommy Wingels.
12:27 of 3rd period - Shot Misses the Net.
12:27 of 3rd period - Puck is out of play.
12:28 of 3rd period - Jesse Winchester wins face-off versus Brandon Prust in RedWings zone.
12:31 of 3rd period - Minor Penalty to Radko Gudas for Hooking.
12:32 of 3rd period - Zemgus Girgensons wins face-off versus Stephane Veilleux in Bruins zone.
13:17 of 3rd period - Jonas Brodin is hit by Stephane Veilleux and loses puck.
13:32 of 3rd period - Brenden Dillon is hit by David Moss.
14:31 of 3rd period - Penalty to Radko Gudas is over, Radko Gudas is back on ice.
14:57 of 3rd period - Snap shot by Zac Rinaldo.
14:57 of 3rd period - Stopped by Jonathan Quick with a rebound.
15:01 of 3rd period - Wrist shot by Brandon Prust.
15:01 of 3rd period - Shot Misses the Net.
15:05 of 3rd period - Wrist shot by Brandon Prust.
15:05 of 3rd period - Stopped by Jonathan Quick without a rebound.
15:06 of 3rd period - Paul Stastny wins face-off versus Brandon Prust in Bruins zone.
15:20 of 3rd period - Icing by Alexei Emelin.
15:21 of 3rd period - Valeri Nichushkin wins face-off versus Brandon Prust in RedWings zone.
15:24 of 3rd period - Snap shot by Paul Stastny.
15:24 of 3rd period - Stopped by Jonas Hiller with a rebound.
16:02 of 3rd period - Marian Hossa is hit by Paul Postma and loses puck.
16:11 of 3rd period - Paul Postma is hit by Matt Duchene and loses puck.
16:30 of 3rd period - Snap shot by Alex Goligoski.
16:30 of 3rd period - Shot Blocked by Marian Hossa.
17:28 of 3rd period - Minor Penalty to Brenden Dillon for Interference.
17:29 of 3rd period - Stephane Veilleux wins face-off versus Zemgus Girgensons in Bruins zone.
17:42 of 3rd period - Wrist shot by Brian Campbell.
17:42 of 3rd period - Stopped by Jonathan Quick without a rebound.
17:43 of 3rd period - Zemgus Girgensons wins face-off versus Tomas Hertl in Bruins zone.
18:34 of 3rd period - Jonas Brodin is hit by Tomas Hertl and loses puck.
19:28 of 3rd period - Penalty to Brenden Dillon is over, Brenden Dillon is back on ice.
Goals for this period are 1 for Bruins vs 0 for RedWings.
Shots for this period are 7 for Bruins vs 7 for RedWings.


Output by the SimonT Hockey Simulator (STHS) for Eric Dolegowski -- Original Page W3C XHTML 1.0 Valid
Hockey Simulator - Hockey Simulation - Hockey Manager